 Dungeon Crawl Stone Soup version 0.26-a0-665-gefeb406119 (webtiles) character file.

Game seed: 7746834810066154488

24 runemasterragnar the Ducker (level 3, -5/26 HPs)
             Began as an Octopode Fighter on Oct 14, 2020.
             Slain by a gnoll
             ... wielding a +0 spear
              (12 damage)
             ... on level 2 of the Dungeon.
             The game lasted 00:00:50 (1038 turns).

runemasterragnar the Ducker (Octopode Fighter)      Turns: 1038, Time: 00:00:51

Health: -5/26      AC:  1    Str: 15    XL:     3   Next: 2%
Magic:  3/3        EV: 11    Int: 11    God:
Gold:   44         SH:  8    Dex: 11    Spells: 2/2 levels left

rFire    . . .     SeeInvis .   a - +0 long sword
rCold    + . .     Faith    .   b - +0 kite shield
rNeg     . . .     Spirit   .   (helmet restricted)
rPois    .         Reflect  .   (no amulet)
rElec    .         Harm     .   j - ring of protection from cold
rCorr    .         Rampage  .   (no ring)
MR       .....                  (no ring)
Stlth    ++........             (no ring)
HPRegen  0.08/turn              (no ring)
MPRegen  0.08/turn              (no ring)
                                (no ring)
                                (no ring)

@: no status effects
A: almost no armour, stealthy swim, amphibious, 8 rings, constrict 8, camouflage
1, gelatinous body 1
a: no special abilities


You were on level 2 of the Dungeon.
You visited 1 branch of the dungeon, and saw 2 of its levels.

You collected 44 gold pieces.

Inventory:

Hand Weapons
 a - a +0 long sword (weapon)
 i - a +0 hunting sling
Armour
 b - a +0 kite shield (worn)
Jewellery
 j - a ring of protection from cold (left tentacle)
Scrolls
 h - a scroll of immolation {unknown}
 k - a scroll of enchant weapon {unknown}
Potions
 c - a potion of might
 d - 3 potions of curing {unknown}
 e - a potion of degeneration {unknown}
 f - a potion of haste {unknown}
 g - a potion of resistance {unknown}


   Skills:
 + Level 3.1 Fighting
 * Level 2.4 Long Blades
 + Level 0.5 Throwing
 + Level 3.1 Dodging
 + Level 1.1 Stealth
 + Level 3.1 Shields
 + Level 0.6 Unarmed Combat


You had 2 spell levels left.
You didn't know any spells.
Your spell library was empty.

Dungeon Overview and Level Annotations

Branches:
Dungeon (2/15)

Altars:


Innate Abilities, Weirdness & Mutations

You cannot wear most types of armour.
You are very stealthy in the water. (Stealth+)
You are amphibious.
You can wear up to eight rings at the same time.
You can use your tentacles to constrict eight enemies at once.
Your skin changes colour to match your surroundings (Stealth+).
Your rubbery body absorbs attacks. (AC +1, EV +1)


Message History

You constrict the gnoll.
You hear a shout!
You hear an angry hiss.
You block the gnoll's attack. The gnoll closely misses you.
Unknown command.
You closely miss the gnoll. You grab the gnoll. You constrict the gnoll. x2
The gnoll closely misses you. The gnoll completely misses you.
Unknown command.
You barely miss the gnoll.
The gnoll is lightly wounded.
You constrict the gnoll. x2; The gnoll hits you with a +0 spear!
The gnoll hits you.
Unknown command.
The adder hisses angrily.
You hit the gnoll.
The gnoll is heavily wounded.
You constrict the gnoll. x2; The gnoll hits you with a +0 spear!
The gnoll hits you.
* * * LOW HITPOINT WARNING * * *
The gnoll hits you with a +0 spear!
You die...

..............#######
## .....#........#
.....#........#
..............#
######........####
#.#.........#
##.#.........#
.####..#.........#
...S.wg@.........#
#..###g###.......# #.
#.......# #+
#.......# ........#
##.......# #.......#
#.###.### ..# .#


You could see a worm, 2 gnolls and an adder.

Vanquished Creatures
  A worm (D:2)
  A leopard gecko (D:1)
  2 ball pythons (D:1)
  3 goblins (D:1)
  2 hobgoblins
  4 bats (D:1)
  A frilled lizard (D:1)
  2 kobolds (D:1)
  3 rats (D:1)
19 creatures vanquished.

Vanquished Creatures (others)
  5 plants (D:2)
5 creatures vanquished.

Grand Total: 24 creatures vanquished

Notes
Turn   | Place    | Note
-------+----------+-------------------------------------------
     0 | D:1      | runemasterragnar the Octopode Fighter began the quest for
                  | the Orb.
     0 | D:1      | Reached XP level 1. HP: 16/16 MP: 1/1
   359 | D:1      | Reached XP level 2. HP: 21/21 MP: 2/2
   647 | D:1      | Reached skill level 1 in Stealth
  1022 | D:2      | Reached XP level 3. HP: 26/26 MP: 3/3
  1038 | D:2      | Slain by a gnoll

Illustrated notes

Levels and vault maps discovered:
D:1:      matt_arrival_grand_opening, layout_basic
D:2:      layout_basic, lemuel_doored_altar, serial_forest,
          infiniplex_forest_corner_1, infiniplex_forest_3_way,
          infiniplex_forest_clump_small, infiniplex_forest_end_double,
          infiniplex_forest_straight_2, infiniplex_forest_clump_curved,
          infiniplex_forest_clump_cross, infiniplex_forest_clump_large,
          infiniplex_forest_clump_long

Skill      XL: |  1  2 |
---------------+-------+-----
Stealth        | 1 |  1.1
Fighting       | |  3.1
Long Blades    | |  2.4
Throwing       | |  0.5
Dodging        | |  3.1
Shields        | |  3.1
Unarmed Combat | |  0.6

Action                   || total
-------------------------++-------
Melee: Long sword        ||    40
       Constrict         ||    11
       Tentacles         ||     3
 Stab: Sleeping          ||     4
Armor: Skin              ||    11
Dodge: Dodged            ||    18
Block: Kite shield       ||    16
       Rpst.: Long sword ||     4

Table legend: (Time is in decaauts)
 A = Elapsed time spent in this place.
 B = Non-inter-level travel time spent in this place.
 C = Inter-level travel time spent in this place.
 D = Time resting spent in this place.
 E = Time spent auto-exploring this place.
 F = Levels seen in this place.
 G = Mean time per level.
                   A        B        C        D        E       F      G
               +--------+--------+--------+--------+--------+-----+--------+
         Total |   1051 |   1004 |     47 |      0 |    862 |   2 |  525.5 |
       Dungeon |   1051 |   1004 |     47 |      0 |    862 |   2 |  525.5 |
               +--------+--------+--------+--------+--------+-----+--------+

Top non-repeatable levels by time:
     D:1: 979 daAuts
     D:2: 71 daAuts
